[Event "Titled Tuesday Blitz May 03 Early 2022"]
[White "Hakobyan, Aram"]
[Black "Thybo, Jesper Sondergaard"]
[WhiteFideId "13306677"]
[BlackFideId "1438832"]
[WhiteElo "2557"]
[BlackElo "2316"]
[Result "1-0"]
[Round "03"]
[TimeControl "180+1"]
[Date "2022.05.03"]
[WhiteClock "0:00:45"]
[BlackClock "0:00:11"]

1. d4 Nf6 2. c4 e6 3. a3 c5 4. d5 exd5 5. cxd5 d6 6. Nc3 g6 7. e4 Bg7 8. Nf3 O-O 9. h3 Re8 10. Bd3 c4 11. Bc2 Nbd7 12. O-O Nc5 13. Re1 b6 14. Nd4 Ba6 15. Bf4 Qd7 16. Qd2 Nh5 17. Be3 Nf6 18. f3 Nh5 19. g4 Nf6 20. Kh2 h5 21. Rg1 hxg4 22. hxg4 Nh7 23. Kg2 Be5 24. Rh1 Qe7 25. Nc6 Qf6 26. Nxe5 dxe5 27. Rh3 Nf8 28. Rah1 Rad8 29. Bg5 Qg7 30. Bxd8 Rxd8 31. Rh8+ Qxh8 32. Rxh8+ Kxh8 33. Qg5 Re8 34. d6 Bb7 35. Ba4 Ncd7 36. Qe7 1-0


[Site "https://www.chess.com"]

[Event "Titled Tuesday Blitz May 03 Early 2022"]
[White "Halvax, Georg"]
[Black "Kotepalli, Sai Nirupama"]
[WhiteFideId "1619543"]
[BlackFideId "5039444"]
[WhiteElo "2403"]
[BlackElo "2401"]
[Result "1-0"]
[Round "03"]
[TimeControl "180+1"]
[Date "2022.05.03"]
[WhiteClock "0:00:55"]
[BlackClock "0:00:06"]

1. d4 g6 2. c4 Bg7 3. Nc3 d6 4. e4 Nf6 5. Be2 O-O 6. Be3 Nfd7 7. h4 h5 8. g4 hxg4 9. h5 Nf6 10. hxg6 fxg6 11. Qd2 e5 12. O-O-O exd4 13. Bxd4 Nc6 14. Be3 Be6 15. f3 Ne5 16. f4 Nxc4 17. Bxc4 Bxc4 18. Qh2 Nh5 19. Nge2 b5 20. f5 Bf7 21. Nf4 Qg5 22. Nfd5 Qd8 23. Rdg1 Be5 24. Qf2 g3 25. Qe2 c6 26. Qg4 cxd5 27. fxg6 Nf6 28. gxf7+ Kxf7 29. Qf5 d4 30. Rh7+ Ke8 31. Qe6+ 1-0


[Site "https://www.chess.com"]

[Event "Titled Tuesday Blitz May 03 Early 2022"]
[White "Hansch, Karsten"]
[Black "Itkis, Boris"]
[WhiteFideId "24692239"]
[BlackFideId "1209167"]
[WhiteElo "2358"]
[BlackElo "2207"]
[Result "0-1"]
[Round "03"]
[TimeControl "180+1"]
[Date "2022.05.03"]
[WhiteClock "0:01:39"]
[BlackClock "0:00:20"]

1. e4 c5 2. Nf3 Nc6 3. Bc4 g6 4. c3 Bg7 5. d4 cxd4 6. cxd4 d6 7. h3 Nf6 8. Nc3 O-O 9. O-O a6 10. a4 Qc7 11. Be3 Bd7 12. Rc1 Rac8 13. e5 dxe5 14. dxe5 Nxe5 15. Nd5 Nxd5 16. Bxd5 Nxf3+ 17. Qxf3 Qd6 18. Bxb7 Rxc1 19. Rxc1 Qb4 20. Bc6 Bxc6 21. Rxc6 Qxa4 22. b3 Qb5 23. Rb6 Qa5 24. Qb7 Be5 25. Qxa6 Qxa6 26. Rxa6 Rb8 27. Rb6 Rxb6 28. Bxb6 Kf8 29. Kf1 Ke8 30. Ke2 Kd7 31. Kd3 Kc6 32. Be3 Kb5 33. Bd2 Bd6 34. g4 Bc5 35. f4 Bd6 36. Kd4 Ba3 37. Kd5 Bb2 38. Be3 Kb4 39. Bc5+ Kxb3 40. Bxe7 Kc2 41. Bd6 Kd3 42. Kc6 Ke4 43. Kd7 f5 44. gxf5 Kxf5 45. Kc6 Bc1 46. Kd5 Bxf4 47. Be7 h5 48. Kd4 g5 49. Bxg5 Kxg5 50. Kd3 Kh4 51. Ke2 Kxh3 52. Kf1 Be3 53. Ke2 Kg2 0-1


[Site "https://www.chess.com"]

[Event "Titled Tuesday Blitz May 03 Early 2022"]
[White "Harish, Neeraj"]
[Black "Bendayan Claros, Aaron"]
[WhiteFideId "30958130"]
[BlackFideId "3803392"]
[WhiteElo "1574"]
[BlackElo "2132"]
[Result "0-1"]
[Round "03"]
[TimeControl "180+1"]
[Date "2022.05.03"]
[WhiteClock "0:00:01"]
[BlackClock "0:01:28"]

1. e4 c6 2. d4 d5 3. e5 Bf5 4. Nd2 e6 5. Nb3 Nd7 6. Nf3 h6 7. Be2 Ne7 8. O-O Bh7 9. a4 a6 10. a5 Nc8 11. Be3 Na7 12. c4 dxc4 13. Bxc4 Be7 14. Qd2 O-O 15. Rac1 Nb5 16. Bxb5 axb5 17. Nc5 Nxc5 18. dxc5 Qxd2 19. Bxd2 Rfd8 20. b4 Rd5 21. Bf4 Rad8 22. Ra1 g5 23. Bg3 Bd3 24. Rfe1 Bf8 25. a6 bxa6 26. Rxa6 Rc8 27. h4 g4 28. Nh2 h5 29. Nf1 Bxf1 30. Kxf1 Bh6 31. Ke2 Bd2 32. Rd1 Bxb4 33. Rxd5 cxd5 34. Kd3 Bxc5 0-1


[Site "https://www.chess.com"]

[Event "Titled Tuesday Blitz May 03 Early 2022"]
[White "Hirneise, Jens"]
[Black "Salimova, Nurgyul"]
[WhiteFideId "24614734"]
[BlackFideId "2915138"]
[WhiteElo "2359"]
[BlackElo "2185"]
[Result "1/2-1/2"]
[Round "03"]
[TimeControl "180+1"]
[Date "2022.05.03"]
[WhiteClock "0:00:10"]
[BlackClock "0:00:08"]

1. d4 Nf6 2. Nf3 d5 3. Bg5 Ne4 4. h4 Qd6 5. c3 Bf5 6. Nbd2 Nd7 7. e3 Nxg5 8. hxg5 e5 9. dxe5 Nxe5 10. Nxe5 Qxe5 11. Nf3 Qd6 12. Bd3 Bd7 13. Qb3 O-O-O 14. O-O-O h6 15. Kb1 Be7 16. gxh6 gxh6 17. Bc2 Be6 18. Nd4 Bf6 19. Nb5 Qb6 20. Nd4 c5 21. Qxb6 axb6 22. Nxe6 fxe6 23. g3 Kc7 24. Rh5 Bg5 25. Rdh1 d4 26. cxd4 cxd4 27. f4 Bf6 28. exd4 Bxd4 29. Rxh6 Rhg8 30. Rh7+ Kb8 31. Be4 Rg7 32. Rxg7 Bxg7 33. Rh7 Rd7 34. a3 Kc7 35. Kc2 Kd6 36. g4 Rc7+ 37. Kb3 Bd4 38. Rh1 Be3 39. Rd1+ Ke7 40. f5 exf5 41. gxf5 Bc5 42. Ka4 Kf6 43. b4 Be3 44. Rd3 Bf2 45. Rf3 Bg1 46. Kb5 Ke5 47. f6 Rf7 48. Bd3 Rxf6 49. Rxf6 Kxf6 50. Be4 Ke5 51. Bxb7 Kd6 52. a4 Kc7 53. Bc6 Bf2 54. Bf3 Be1 55. a5 bxa5 56. bxa5 Kb8 57. a6 Bf2 58. Be4 Ba7 59. Bd5 Kc7 60. Bb7 Kb8 61. Bg2 Kc7 62. Bb7 Kb8 63. Bg2 Kc7 64. Bb7 1/2-1/2


[Site "https://www.chess.com"]

[Event "Titled Tuesday Blitz May 03 Early 2022"]
[White "Hnydiuk, Aleksander"]
[Black "Murtazin, Bulat"]
[WhiteFideId "1109057"]
[BlackFideId "24151351"]
[WhiteElo "2374"]
[BlackElo "2329"]
[Result "1-0"]
[Round "03"]
[TimeControl "180+1"]
[Date "2022.05.03"]
[WhiteClock "0:00:56"]
[BlackClock "0:00:01"]

1. e4 c6 2. d4 d5 3. exd5 cxd5 4. Bf4 Bf5 5. Nf3 e6 6. Ne5 Nc6 7. Bb5 Rc8 8. O-O Bd6 9. c4 Ne7 10. Nc3 O-O 11. Re1 dxc4 12. Bg3 Nxe5 13. dxe5 Bb4 14. Qa4 Qa5 15. Rec1 a6 16. Qxa5 Bxa5 17. Ba4 Rfd8 18. Bf4 Ng6 19. Bg5 Rd4 20. Ne2 Rg4 21. f4 Be4 22. g3 Bd3 23. h3 Bxe2 24. hxg4 h6 25. Bh4 Bb6+ 26. Kg2 Nf8 27. Be7 Ng6 28. Bd6 Bd3 29. Bc2 1-0


[Site "https://www.chess.com"]

[Event "Titled Tuesday Blitz May 03 Early 2022"]
[White "Horcajuelo Rocamora, Martin"]
[Black "Taboas Rodriguez, Daniel"]
[WhiteFideId "24573027"]
[BlackFideId "2208466"]
[WhiteElo "1822"]
[BlackElo "2429"]
[Result "0-1"]
[Round "03"]
[TimeControl "180+1"]
[Date "2022.05.03"]
[WhiteClock "0:00:10"]
[BlackClock "0:00:47"]

1. e4 e6 2. d4 d5 3. exd5 exd5 4. Bd3 Nf6 5. Nf3 Bg4 6. Bf4 Bd6 7. Bxd6 Qxd6 8. Kf1 O-O 9. h3 Bd7 10. g3 c5 11. c3 Nc6 12. dxc5 Qxc5 13. Nbd2 Rfe8 14. Kg2 Rad8 15. Nb3 Qb6 16. Qc2 Rc8 17. Qd2 Ne4 18. Qe3 Qc7 19. Qf4 Qxf4 20. gxf4 Re6 21. Bxe4 dxe4 22. Nfd4 Rg6+ 23. Kh2 Re8 24. Rhg1 Rf6 25. Nxc6 Bxc6 26. Nd4 Rxf4 27. Kg3 Rf6 28. Rae1 Kf8 29. Re3 Rg6+ 30. Kh2 Rxg1 31. Kxg1 g6 32. h4 f5 33. Ne2 Rd8 34. Nf4 Ke7 35. Re2 Kf6 36. Kh2 h6 37. Re3 g5 38. hxg5+ hxg5 39. Ne2 f4 40. Rh3 Rd2 41. Nd4 Rxf2+ 42. Kg1 e3 43. Rh6+ Ke5 44. Re6+ Kd5 45. b3 Rxa2 46. Re7 g4 47. Rg7 f3 48. Rxg4 Ra1+ 49. Kh2 e2 50. Rg5+ Ke4 51. Rg8 e1=Q 52. Re8+ Bxe8 0-1


[Site "https://www.chess.com"]

[Event "Titled Tuesday Blitz May 03 Early 2022"]
[White "Hovhannisyan, Robert"]
[Black "Beerdsen, Thomas"]
[WhiteFideId "13302507"]
[BlackFideId "1030108"]
[WhiteElo "2570"]
[BlackElo "2585"]
[Result "1-0"]
[Round "03"]
[TimeControl "180+1"]
[Date "2022.05.03"]
[WhiteClock "0:00:06"]
[BlackClock "0:00:06"]

1. Nc3 c5 2. Nf3 Nc6 3. d4 cxd4 4. Nxd4 Nf6 5. g3 h5 6. Bg2 h4 7. Bg5 Qb6 8. Nxc6 dxc6 9. O-O Qxb2 10. Qd3 hxg3 11. hxg3 Qb4 12. Rfd1 Qd6 13. Qf3 Bg4 14. Qe3 Qe6 15. Rab1 Qxe3 16. Bxe3 Bc8 17. a4 e5 18. a5 Ng4 19. a6 Nxe3 20. axb7 Bxb7 21. fxe3 Bc5 22. Rxb7 Bxe3+ 23. Kf1 O-O 24. Rdd7 a5 25. Bxc6 Bd4 26. Na4 Ra6 27. Bd5 Rf6+ 28. Ke1 g6 29. e4 Kg7 30. c3 Bf2+ 31. Ke2 Bxg3 32. Kd3 g5 33. Nc5 Kg6 34. Rdc7 g4 35. Nd7 Rf3+ 36. Kc4 Rh8 37. Bxf7+ Rxf7 38. Nxe5+ Bxe5 39. Rxf7 g3 40. Rf5 g2 41. Rb6+ Kg7 42. Rg5+ Kf7 43. Rxg2 Rc8+ 44. Kd5 Bxc3 45. Rb7+ Kf8 46. Rf2+ Ke8 47. Rg2 a4 48. Rg8# 1-0


[Site "https://www.chess.com"]

[Event "Titled Tuesday Blitz May 03 Early 2022"]
[White "Iljin, Timofey"]
[Black "Dronavalli, Harika"]
[WhiteFideId "14110180"]
[BlackFideId "5015197"]
[WhiteElo "2396"]
[BlackElo "2382"]
[Result "0-1"]
[Round "03"]
[TimeControl "180+1"]
[Date "2022.05.03"]
[WhiteClock "0:02:23"]
[BlackClock "0:01:40"]

1. d4 Nf6 2. c4 c5 3. d5 g6 4. Nc3 Bg7 5. e4 O-O 6. e5 Ne8 7. Nf3 d6 8. h4 Bg4 9. e6 fxe6 10. Be2 Nc7 11. h5 Bxf3 12. Bxf3 Nd7 13. hxg6 hxg6 14. dxe6 Ne5 15. Bxb7 Rb8 16. Be4 Rf6 0-1


[Site "https://www.chess.com"]

[Event "Titled Tuesday Blitz May 03 Early 2022"]
[White "Jakubowski, Krzysztof"]
[Black "Sanchez, Robert"]
[WhiteFideId "1112848"]
[BlackFideId "2034360"]
[WhiteElo "2365"]
[BlackElo "2443"]
[Result "1-0"]
[Round "03"]
[TimeControl "180+1"]
[Date "2022.05.03"]
[WhiteClock "0:00:06"]
[BlackClock "0:00:10"]

1. e4 e6 2. d3 c5 3. g3 Nc6 4. Bg2 d6 5. f4 g6 6. Nf3 Bg7 7. O-O Nge7 8. c3 e5 9. Na3 O-O 10. f5 gxf5 11. Nh4 f4 12. gxf4 exf4 13. Qh5 Ng6 14. Nf5 Bxf5 15. exf5 Qh4 16. Qxh4 Nxh4 17. Bxc6 bxc6 18. Rxf4 Bf6 19. Kf2 Kh8 20. Nc4 Rg8 21. Nxd6 Rg2+ 22. Kf1 Rxh2 23. Rg4 h5 24. Nxf7+ Kh7 25. Bf4 hxg4 26. Bxh2 Nf3 27. Bg3 Kg7 28. Nd6 Rh8 29. Kf2 Rh3 30. Ne4 Rh5 31. Nd6 Be7 32. a4 Bxd6 33. Bxd6 Rg5 34. Kg3 Kf6 35. Bb8 Kxf5 36. Bxa7 Rh5 37. Bxc5 Rh3+ 38. Kg2 Rh2+ 39. Kg3 Rh3+ 40. Kf2 Rh2+ 41. Ke3 Rh3 42. a5 Ne5+ 43. Ke2 Nd7 44. Bd6 g3 45. Kf3 Nf6 46. a6 1-0


[Site "https://www.chess.com"]

[Event "Titled Tuesday Blitz May 03 Early 2022"]
[White "Janaszak, Dawid"]
[Black "Le Ruyet, Leopold"]
[WhiteFideId "1119206"]
[BlackFideId "645923"]
[WhiteElo "2199"]
[BlackElo "2276"]
[Result "1-0"]
[Round "03"]
[TimeControl "180+1"]
[Date "2022.05.03"]
[WhiteClock "0:00:49"]
[BlackClock "0:00:09"]

1. e4 c5 2. Nc3 Nc6 3. f4 e5 4. fxe5 Nxe5 5. Nf3 d6 6. Nxe5 dxe5 7. Bc4 Nf6 8. d3 Be7 9. O-O O-O 10. Qe1 a6 11. a4 Ne8 12. Qg3 Bd6 13. Nd5 Be6 14. Bg5 Qb8 15. Ne7+ Bxe7 16. Bxe7 Bxc4 17. dxc4 Qc7 18. Bxf8 Kxf8 19. Rad1 Nf6 20. Rf5 Re8 21. Qd3 Kg8 22. h3 Qc6 23. b3 Nxe4 24. Qd7 f6 25. Qxc6 bxc6 26. Rd7 g6 27. Rf3 f5 28. Rfd3 Nf6 29. Rd8 Kf7 30. Rxe8 Nxe8 31. Rd7+ Ke6 32. Ra7 e4 33. Kf2 f4 34. Rxa6 Kd6 35. Ra8 Kd7 36. a5 g5 37. Rxe8 Kxe8 38. a6 1-0


[Site "https://www.chess.com"]

[Event "Titled Tuesday Blitz May 03 Early 2022"]
[White "Jobava, Baadur"]
[Black "Visakh N R"]
[WhiteFideId "13601520"]
[BlackFideId "25012223"]
[WhiteElo "2617"]
[BlackElo "2448"]
[Result "1/2-1/2"]
[Round "03"]
[TimeControl "180+1"]
[Date "2022.05.03"]
[WhiteClock "0:00:23"]
[BlackClock "0:00:44"]

1. b3 b6 2. Bb2 Bb7 3. e3 e6 4. f4 f5 5. Nf3 Nf6 6. Be2 Be7 7. O-O O-O 8. Kh1 Qe8 9. Qe1 Nc6 10. Nc3 a6 11. a3 Nd8 12. Ne5 Nf7 13. Bf3 Bxf3 14. gxf3 Nxe5 15. fxe5 Nh5 16. f4 Kh8 17. Rg1 Rg8 18. Qe2 g5 19. fxg5 Bxg5 20. Qf3 Qf7 21. Nd5 Rac8 22. Rg2 Bd8 23. Rxg8+ Kxg8 24. Rg1+ Kh8 25. Nb4 c6 26. Nxa6 Be7 27. Nb4 Bxb4 28. axb4 Rg8 29. Bd4 Rxg1+ 30. Kxg1 b5 31. Bb6 Qg7+ 32. Kf2 Qg5 33. Bd8 Qxd8 34. Qxh5 Qe7 35. c3 Kg7 36. d4 Qf7 37. Qxf7+ Kxf7 38. Kf3 Kg6 39. Kf4 Kh5 40. c4 Kh4 41. d5 Kh3 42. dxe6 dxe6 43. Kg5 Kxh2 44. Kf6 h5 45. Kxe6 h4 46. Kxf5 h3 47. e6 Kg3 48. e7 h2 49. e8=Q h1=Q 50. Qe5+ Kf2 51. cxb5 Qh5+ 52. Ke4 Qh1+ 53. Kf5 Qh5+ 54. Kf6 Qh8+ 55. Ke6 Qe8+ 56. Kd6 Qb8+ 57. Ke6 Qe8+ 58. Kf5 Qh5+ 1/2-1/2


[Site "https://www.chess.com"]

[Event "Titled Tuesday Blitz May 03 Early 2022"]
[White "Jones, Gawain C B"]
[Black "Stevens, Christian"]
[WhiteFideId "409561"]
[BlackFideId "2604450"]
[WhiteElo "2657"]
[BlackElo "2499"]
[Result "1-0"]
[Round "03"]
[TimeControl "180+1"]
[Date "2022.05.03"]
[WhiteClock "0:01:35"]
[BlackClock "0:00:01"]

1. d4 Nf6 2. Bg5 Ne4 3. h4 d5 4. Nd2 Bf5 5. e3 h6 6. Bf4 e6 7. g4 Bh7 8. Nxe4 Bxe4 9. f3 Bh7 10. Bd3 Bxd3 11. Qxd3 c6 12. O-O-O Nd7 13. Nh3 Qa5 14. Kb1 Qb5 15. Qxb5 cxb5 16. e4 dxe4 17. fxe4 Nf6 18. Nf2 O-O-O 19. Rh3 b4 20. Be5 Nd7 21. Bh2 Nb6 22. c4 Be7 23. c5 Nc4 24. Kc2 e5 25. Kb3 Na5+ 26. Ka4 Nc6 27. d5 Nd4 28. Nd3 b5+ 29. Kxb4 Kb7 30. Bxe5 Bf6 31. Bxd4 1-0


[Site "https://www.chess.com"]

[Event "Titled Tuesday Blitz May 03 Early 2022"]
[White "Kejzar, Petra"]
[Black "Chuemsakul, Sarocha"]
[WhiteFideId "14610213"]
[BlackFideId "6203710"]
[WhiteElo "2003"]
[BlackElo "1703"]
[Result "0-1"]
[Round "03"]
[TimeControl "180+1"]
[Date "2022.05.03"]
[WhiteClock "0:01:23"]
[BlackClock "0:00:58"]

1. c4 c5 2. d4 Nf6 3. Nf3 g6 4. Nc3 Bg7 5. e4 cxd4 6. e5 dxc3 7. exf6 Bxf6 8. Qc2 Qa5 9. b3 Nc6 10. a3 d6 11. Rb1 Bf5 12. Bd3 Bxd3 13. Qxd3 c2+ 14. b4 cxb1=Q 15. Qxb1 Qc7 16. O-O O-O 17. Qe4 Rac8 18. Bh6 Bg7 19. Qh4 Rfe8 20. Ng5 Bf6 21. f4 Nd4 0-1


[Site "https://www.chess.com"]

[Event "Titled Tuesday Blitz May 03 Early 2022"]
[White "Keller, Peter"]
[Black "Zia, Tahsin Tajwar"]
[WhiteFideId "1272105"]
[BlackFideId "10211888"]
[WhiteElo "2275"]
[BlackElo "1800"]
[Result "1-0"]
[Round "03"]
[TimeControl "180+1"]
[Date "2022.05.03"]
[WhiteClock "0:01:01"]
[BlackClock "0:00:19"]

1. e4 c6 2. d4 d5 3. exd5 cxd5 4. Bd3 Nc6 5. c3 Nf6 6. Bf4 Bg4 7. Qb3 Qd7 8. Nd2 e6 9. Ngf3 Bd6 10. Bxd6 Qxd6 11. O-O O-O 12. Rae1 Bxf3 13. Nxf3 Qc7 14. Ne5 Nxe5 15. Rxe5 Nd7 16. Rh5 g6 17. Rh3 Kg7 18. Qd1 Qb6 19. Qd2 h5 20. g4 Nf6 21. gxh5 Rh8 22. h6+ Kh7 23. Rf3 Qd8 24. Qf4 Nh5 25. Qxf7+ Kxh6 26. Qxg6# 1-0


[Site "https://www.chess.com"]

[Event "Titled Tuesday Blitz May 03 Early 2022"]
[White "Khabinets, Ivan"]
[Black "Menna Barreto, Felipe Kubiaki"]
[WhiteFideId "14115980"]
[BlackFideId "2119757"]
[WhiteElo "2114"]
[BlackElo "2261"]
[Result "0-1"]
[Round "03"]
[TimeControl "180+1"]
[Date "2022.05.03"]
[WhiteClock "0:00:19"]
[BlackClock "0:00:42"]

1. c4 e6 2. Nc3 d5 3. d4 a6 4. cxd5 exd5 5. Nf3 Nf6 6. Bg5 Be7 7. Qb3 c6 8. e4 Nxe4 9. Nxe4 dxe4 10. Ne5 O-O 11. Be3 b5 12. Be2 Be6 13. Qc2 f6 14. Nxc6 Nxc6 15. Qxc6 Bd5 16. Qc2 Qa5+ 17. Bd2 Bb4 18. a3 Rfc8 19. Bxb4 Qxb4+ 20. Qd2 Qxd2+ 21. Kxd2 Kf7 22. Rac1 Ke6 23. Ke3 g5 24. h4 h6 25. hxg5 hxg5 26. Rc5 Rh8 27. Rhc1 f5 28. g3 Raf8 29. Kd2 f4 30. Bg4+ Kd6 31. Rc7 Rf7 32. Rxf7 Bxf7 33. gxf4 gxf4 34. Rc5 Bd5 35. Rc8 Rh2 36. Ke1 Bc4 37. Be2 Bxe2 38. Kxe2 e3 39. Ra8 Rxf2+ 40. Kd3 Rd2+ 41. Kc3 f3 42. Re8 Re2 43. Kd3 Re1 44. Rxe3 f2 0-1


[Site "https://www.chess.com"]

[Event "Titled Tuesday Blitz May 03 Early 2022"]
[White "Kollars, Dmitrij"]
[Black "Arabidze, Meri"]
[WhiteFideId "12909572"]
[BlackFideId "13604040"]
[WhiteElo "2584"]
[BlackElo "2335"]
[Result "1-0"]
[Round "03"]
[TimeControl "180+1"]
[Date "2022.05.03"]
[WhiteClock "0:00:22"]
[BlackClock "0:00:10"]

1. c4 c5 2. Nf3 b6 3. Nc3 Bb7 4. e4 d6 5. d4 cxd4 6. Nxd4 Nf6 7. Bd3 e6 8. f4 Be7 9. g4 Nc6 10. Nxc6 Bxc6 11. Be3 d5 12. cxd5 exd5 13. exd5 Nxd5 14. Be4 Nxe3 15. Bxc6+ Kf8 16. Qe2 Rc8 17. Bb7 Rc7 18. Qxe3 Rxb7 19. Rd1 Rd7 20. Ke2 Bc5 21. Qe4 h5 22. g5 g6 23. Nd5 Qb8 24. b4 Be7 25. Kf3 h4 26. Rhe1 Bd6 27. Nf6 Rd8 28. Rd5 h3 29. Red1 Rh4 30. Qe5 1-0


[Site "https://www.chess.com"]

[Event "Titled Tuesday Blitz May 03 Early 2022"]
[White "Korchmar, Vasiliy"]
[Black "Zlatin, Alexander"]
[WhiteFideId "24131750"]
[BlackFideId "2810549"]
[WhiteElo "2370"]
[BlackElo "2228"]
[Result "1-0"]
[Round "03"]
[TimeControl "180+1"]
[Date "2022.05.03"]
[WhiteClock "0:00:52"]
[BlackClock "0:00:03"]

1. e4 e5 2. Nf3 Nc6 3. Nc3 Nf6 4. a3 d6 5. d4 exd4 6. Nxd4 Be7 7. Nxc6 bxc6 8. Bd3 O-O 9. O-O c5 10. f4 Bb7 11. b3 Re8 12. Bb2 Bf8 13. Qf3 Qd7 14. h3 a5 15. Rae1 d5 16. e5 d4 17. Qxb7 dxc3 18. Bxc3 Nd5 19. Bb5 Qe6 20. Bxe8 Rxe8 21. f5 Qd7 22. e6 fxe6 23. fxe6 Rxe6 24. Qa8 Nf6 25. Rxe6 Qxe6 26. Bxf6 gxf6 27. Qxa5 Qe3+ 28. Kh1 Bd6 29. Qe1 Qg5 30. Qe6+ Kg7 31. Qg4 Qxg4 32. hxg4 Be5 33. a4 Kf7 34. a5 c6 35. a6 Bb8 36. g5 Kg6 37. Rxf6+ Kxg5 38. Rxc6 c4 39. Rxc4 1-0


[Site "https://www.chess.com"]

[Event "Titled Tuesday Blitz May 03 Early 2022"]
[White "Kosteniuk, Alexandra"]
[Black "Petrova, Irina"]
[WhiteFideId "4128125"]
[BlackFideId "14124122"]
[WhiteElo "2469"]
[BlackElo "1993"]
[Result "1-0"]
[Round "03"]
[TimeControl "180+1"]
[Date "2022.05.03"]
[WhiteClock "0:00:07"]
[BlackClock "0:00:01"]

1. e4 d6 2. d4 Nf6 3. Nc3 e5 4. Nf3 Nbd7 5. Bc4 Be7 6. a4 O-O 7. O-O c6 8. Ba2 h6 9. Re1 Re8 10. h3 Bf8 11. Nh4 exd4 12. Qxd4 d5 13. e5 Bc5 14. Qf4 Nf8 15. Nf3 Ng6 16. Qh2 Nd7 17. h4 Qc7 18. Qg3 Ndxe5 19. Kf1 Bd7 20. h5 Nxf3 21. Rxe8+ Rxe8 22. gxf3 Bd6 23. Qg2 Nh4 24. Qh1 Nf5 25. Bd2 Nd4 26. Qg2 Qc8 27. Re1 Rxe1+ 28. Kxe1 Nxc2+ 29. Kd1 Nd4 30. Bxh6 Nf5 31. Bg5 Qe8 32. Bb1 Qe5 33. Bd2 Qd4 34. h6 Nxh6 35. Qg5 f6 36. Qg6 Kf8 37. Bd3 Bf4 38. Ne2 Qxb2 39. Bxf4 Qa1+ 40. Bc1 Qxa4+ 41. Bc2 Qh4 42. Qg3 Qh1+ 43. Kd2 Nf5 44. Qb8+ 1-0


[Site "https://www.chess.com"]

[Event "Titled Tuesday Blitz May 03 Early 2022"]
[White "Kovalenko, Igor"]
[Black "Vusatiuk, Vladimir"]
[WhiteFideId "14117908"]
[BlackFideId "14118610"]
[WhiteElo "2946"]
[BlackElo "2518"]
[Result "1-0"]
[Round "03"]
[TimeControl "180+1"]
[Date "2022.05.03"]
[WhiteClock "0:01:19"]
[BlackClock "0:00:38"]

1. c4 e6 2. Nc3 d5 3. d4 a6 4. cxd5 exd5 5. Nf3 c6 6. h3 Bd6 7. Bg5 f6 8. Bd2 Ne7 9. e3 O-O 10. Bd3 Bf5 11. Be2 Nd7 12. O-O b5 13. a3 a5 14. Rc1 Nb6 15. Nh4 Be6 16. a4 b4 17. Nb1 Qd7 18. f4 Rac8 19. Be1 c5 20. Bb5 Qa7 21. dxc5 Bxc5 22. Bf2 Nc4 23. Bxc4 dxc4 24. e4 Bxf2+ 25. Rxf2 Rfd8 26. Qe1 Rd3 27. Kh2 Rcd8 28. Nd2 Qd4 29. Ndf3 Qe3 30. f5 Qxe1 31. Rxe1 Bf7 32. e5 Bd5 33. exf6 gxf6 34. Rxe7 c3 35. bxc3 bxc3 36. Rc7 Bb3 37. Ne1 Rd2 38. Rf3 R8d4 39. Rfxc3 Bd5 40. Rg3+ Kf8 41. Nhf3 Bxf3 42. Nxf3 1-0


[Site "https://www.chess.com"]

[Event "Titled Tuesday Blitz May 03 Early 2022"]
[White "Kozak, Adam"]
[Black "Cherniaiev, Tykhon"]
[WhiteFideId "753246"]
[BlackFideId "14182360"]
[WhiteElo "2459"]
[BlackElo "2289"]
[Result "1-0"]
[Round "03"]
[TimeControl "180+1"]
[Date "2022.05.03"]
[WhiteClock "0:00:03"]
[BlackClock "0:00:02"]

1. Nf3 Nf6 2. c4 e6 3. b3 d5 4. Bb2 Be7 5. g3 O-O 6. Bg2 c6 7. O-O Nbd7 8. d4 b6 9. Nbd2 Bb7 10. Qc2 Rc8 11. Rfd1 c5 12. dxc5 Nxc5 13. Rac1 Nce4 14. Nxe4 Nxe4 15. Qb1 Bc5 16. e3 Qe7 17. Ne5 Rfd8 18. cxd5 exd5 19. Nd3 Bd6 20. Rxc8 Rxc8 21. Rc1 Rd8 22. Bd4 Ba3 23. Rc2 Ba6 24. Nf4 Bc5 25. Qb2 Bb7 26. Bxg7 Nxf2 27. Rxc5 Nd1 28. Qe2 Qxc5 29. Bd4 Qc1 30. Qg4+ Kf8 31. Qg7+ Ke8 32. Qg8+ Kd7 33. Bh3+ Kc6 34. Qxd8 Nxe3+ 35. Kf2 Nd1+ 36. Kf3 Kb5 37. Bd7+ Ka6 38. a4 Qc2 39. Bb5+ Ka5 40. Qd6 Qe4+ 41. Kg4 Bc8+ 42. Kh4 Qxd4 43. Qxd5 Qf6+ 44. Kh5 Qc3 45. b4+ Qxb4 46. Qxf7 Bb7 47. Qxb7 Ne3 48. Qxa7# 1-0


[Site "https://www.chess.com"]

[Event "Titled Tuesday Blitz May 03 Early 2022"]
[White "Kozin, Yuri"]
[Black "Suarez Uriel, Adrian"]
[WhiteFideId "4129920"]
[BlackFideId "22230874"]
[WhiteElo "2599"]
[BlackElo "2316"]
[Result "0-1"]
[Round "03"]
[TimeControl "180+1"]
[Date "2022.05.03"]
[WhiteClock "0:01:50"]
[BlackClock "0:02:35"]

1. e4 c5 2. Nf3 Nc6 3. d4 cxd4 4. Nxd4 g6 5. Nc3 Bg7 6. Be3 Nf6 7. Bc4 O-O 8. Bb3 Re8 9. h3 e6 10. O-O d5 11. exd5 Nxd5 12. Nxd5 exd5 13. c3 Ne5 14. Nf3 Nc4 15. Bxc4 dxc4 16. Bd4 Bf5 17. Qa4 Be4 18. Bxg7 Bxf3 19. Bh6 Qh4 20. Be3 Bc6 21. Qa5 Qe4 0-1


[Site "https://www.chess.com"]

[Event "Titled Tuesday Blitz May 03 Early 2022"]
[White "Krstulovic, Alex"]
[Black "Kanyamarala, Trisha"]
[WhiteFideId "760056"]
[BlackFideId "45004722"]
[WhiteElo "2193"]
[BlackElo "2079"]
[Result "1-0"]
[Round "03"]
[TimeControl "180+1"]
[Date "2022.05.03"]
[WhiteClock "0:01:48"]
[BlackClock "0:00:46"]

1. e4 c5 2. Nf3 d6 3. d4 cxd4 4. Nxd4 Nf6 5. Nc3 Nc6 6. Bg5 e6 7. Bb5 Bd7 8. Qd3 Be7 9. O-O-O a6 10. Bxc6 bxc6 11. f4 h6 12. Bxf6 Bxf6 13. Nf3 d5 14. exd5 cxd5 15. Nxd5 exd5 16. Rhe1+ Be7 17. Qxd5 Ra7 18. Ne5 Be6 19. Qc6+ Bd7 20. Qd5 Be6 21. Qc6+ Bd7 22. Rxd7 Rxd7 23. Rd1 Qc7 24. Qxd7+ Qxd7 25. Rxd7 f6 26. Rxe7+ Kxe7 27. Ng6+ Ke6 28. Nxh8 g5 29. fxg5 hxg5 30. Kd2 Ke7 31. Ke3 Kf8 32. Ke4 Kg7 33. Kf5 Kxh8 34. Kxf6 1-0


[Site "https://www.chess.com"]

[Event "Titled Tuesday Blitz May 03 Early 2022"]
[White "Laohawirapap, Prin"]
[Black "Vifleemskaia, Svetlana"]
[WhiteFideId "6205003"]
[BlackFideId "4129490"]
[WhiteElo "1832"]
[BlackElo "1901"]
[Result "1-0"]
[Round "03"]
[TimeControl "180+1"]
[Date "2022.05.03"]
[WhiteClock "0:00:19"]
[BlackClock "0:00:04"]

1. e4 e5 2. Nf3 Nc6 3. Bc4 Nf6 4. d3 Be7 5. O-O O-O 6. Nc3 a6 7. a4 h6 8. h3 Bc5 9. Re1 d6 10. Be3 Re8 11. Nd5 Nxd5 12. Bxc5 Nf4 13. Be3 d5 14. exd5 Nxd5 15. Bd2 Kh8 16. c3 Bf5 17. a5 Qd6 18. Qb3 Be6 19. Qa2 Rad8 20. b4 Nf4 21. Bxf4 Bxc4 22. Qxc4 exf4 23. Qxf7 Rf8 24. Qh5 Qxd3 25. Nh4 Rf6 26. Rad1 Qxc3 27. Rxd8+ Nxd8 28. Re8+ Kh7 29. Rxd8 f3 30. Qe8 Qc1+ 31. Kh2 1-0


[Site "https://www.chess.com"]